 Dungeon Crawl Stone Soup version 0.22.1 (webtiles) character file.

355 LLavrengius the Chiller (level 6, 0/48 HPs)
             Began as a Barachi Ice Elementalist on Sept 18, 2018.
             Was a Follower of Cheibriados.
             Slain by an orc wizard
             ... wielding a +0 flail
              (3 damage)
             ... on level 4 of the Dungeon.
             The game lasted 00:20:52 (4244 turns).

LLavrengius the Chiller (Barachi Ice Elementalist)  Turns: 4244, Time: 00:20:52

Health: 0/48       AC:  8    Str: 14    XL:     6   Next: 63%
Magic:  6/9        EV: 13    Int: 18    God:    Cheibriados [*.....]
Gold:   130        SH:  5    Dex: 16    Spells: 3/9 levels left

rFire    . . .     SeeInvis .   l - +1 dagger (protect)
rCold    + . .     Gourm    .   h - +0 buckler
rNeg     . . .     Faith    .   w - +0 leather armour
rPois    .         Spirit   .   q - +0 helmet
rElec    .         Reflect  .   r - +1 cloak
rCorr    .         Harm     .   (no gloves)
MR       .....                  (no boots)
Stlth    ++........             (no amulet)
HPRegen  0.16/turn              p - +2 ring of protection
MPRegen  0.11/turn              t - ring of protection from cold

@: can't hop, very slow
A: +LOS, swims, slowness 1, strong legs 1
a: Hop, Bend Time, Renounce Religion


You were on level 4 of the Dungeon.
You worshipped Cheibriados.
Cheibriados was aware of your devotion.
You were very hungry.

You visited 1 branch of the dungeon, and saw 4 of its levels.

You collected 130 gold pieces.

Inventory:

Hand Weapons
 a - a +4 whip
 l - a +1 dagger of protection (weapon)
 s - a +3 mace
 B - a +0 hunting sling
Missiles
 j - 7 tomahawks (quivered)
 m - 84 stones
 v - 6 javelins
Armour
 h - a +0 buckler (worn)
 q - a +0 helmet (worn)
 r - a +1 cloak (worn)
 w - a +0 leather armour (worn)
 y - a +1 scale mail of positive energy
 A - a +2 robe of magic resistance
 C - a +0 helmet
Jewellery
 p - a +2 ring of protection (left hand)
 t - a ring of protection from cold (right hand)
Scrolls
 b - 2 scrolls of fog {unknown}
 d - a scroll of amnesia {unknown}
 e - a scroll of immolation {unknown}
 f - a scroll of teleportation {unknown}
 k - a scroll of magic mapping {unknown}
 o - 2 scrolls of remove curse {unknown}
 u - a scroll of enchant weapon {unknown}
 z - 2 scrolls of identify {unknown}
Potions
 g - a potion of brilliance {unknown}
 i - a potion of curing
 n - a potion of mutation {unknown}
 x - a potion of might {unknown}
Comestibles
 c - 6 rations


   Skills:
 + Level 3.8 Fighting
 - Level 3.1 Dodging
 - Level 1.7 Stealth
 - Level 4.4 Shields
 - Level 2.1 Spellcasting
 - Level 1.1 Conjurations
 + Level 0.0 Charms
 + Level 5.0 Ice Magic


You had 3 spell levels left.
You knew the following spells:

 Your Spells              Type           Power        Failure   Level  Hunger
a - Freeze                Ice            ###.         2%          1    #......
b - Throw Frost           Conj/Ice       ##....       10%         2    ###....
c - Ozocubu's Armour      Chrm/Ice       ##......     24%         3    ###....

Your spell library contained the following spells:

 Spells                   Type           Power        Failure   Level  Hunger
 Throw Icicle             Conj/Ice       ##......     54%         4    #####..
 Summon Ice Beast         Ice/Summ       ##......     63%         4    #####..


Dungeon Overview and Level Annotations

Branches:
Dungeon (4/15)
 Temple: D:4-7

Altars:
Cheibriados
Zin

Shops:
D:4 *


Innate Abilities, Weirdness & Mutations

Shadows flee at your approach. (+LOS)
You can swim through water.
You cover ground slowly.
You can hop short distances.


Message History

You closely miss the orc priest.
The orc priest is moderately wounded.
The orc closely misses you.
The orc priest calls down the wrath of Beogh upon you.
Beogh smites you!
* * * LOW HITPOINT WARNING * * *
Something barely misses you.
Hop to where?
Press: ? - help, Dir - move target cursor, p - orc priest Boing!
Something hits you.
* * * LOW HITPOINT WARNING * * *
There is an open door here.
Something hits you.
* * * LOW HITPOINT WARNING * * *
Items here: )))))) [[[[
Things that are here:
a trident; a dagger; a leather armour Something hits you.
You die...

... ...# #..#. #.# ##..# #..>.
..## #.# ... #)### .#. #.# ...
#.# #. ##'## #.# ###)### .
##...## #.# ###...... ##.....##
#####.####........ ##.......##
#..........#.#.#.#
###.........####@..#.###..#.#....
..+.........o.o).................
#.........####...#...#...[.....
##.......## #..#......##.##..#
##.....## #.#...∩...##.##.##
##...## #...........^..... ##'##
####.....#.####.## #.# #..#_#...#
#.# #### #.# #.##⌠##..# #.#


You could see an orc priest and an orc.

Vanquished Creatures
  A centaur (D:4)
  Blork the orc (D:4)
  A howler monkey (D:4)
  Crazy Yiuf (D:2)
  Robin (D:4)
  2 adders (D:2)
  3 worms
  A dart slug (D:3)
  3 leopard geckos
  12 orcs
  2 ball pythons (D:3)
  3 bats
  4 giant cockroaches
  8 hobgoblins
  7 jackals
  3 quokkas
  6 frilled lizards
  19 goblins
  5 kobolds
  6 rats
  A fungus (D:2)
90 creatures vanquished.

Notes
Turn   | Place    | Note
-------+----------+-------------------------------------------
     0 | D:1      | LLavrengius the Barachi Ice Elementalist began the quest
                  | for the Orb.
     0 | D:1      | Reached XP level 1. HP: 13/13 MP: 3/3
   210 | D:1      | Reached skill level 4 in Ice Magic
   210 | D:1      | Reached XP level 2. HP: 18/20 MP: 1/5
   214 | D:1      | Learned a level 2 spell: Throw Frost
   455 | D:1      | Reached skill level 1 in Fighting
   863 | D:2      | Reached XP level 3. HP: 22/26 MP: 3/6
  1307 | D:2      | Learned a level 3 spell: Ozocubu's Armour
  1519 | D:2      | Found a runed door.
  1523 | D:2      | Noticed Crazy Yiuf
  1533 | D:2      | Killed Crazy Yiuf
  1533 | D:2      | Reached skill level 1 in Shields
  1533 | D:2      | Reached XP level 4. HP: 8/33 MP: 0/7
  1996 | D:3      | Reached skill level 5 in Ice Magic
  2497 | D:3      | Reached XP level 5. HP: 38/38 MP: 8/8
  2664 | D:3      | Found a snail-covered altar of Cheibriados.
  2673 | D:3      | Became a worshipper of Cheibriados the Contemplative
  2859 | D:4      | Found Zin's Purification Station.
  2860 | D:4      | Found a glowing silver altar of Zin.
  3033 | D:4      | Noticed Robin
  3043 | D:4      | Reached * piety under Cheibriados
  3055 | D:4      | Noticed Blork the orc
  3074 | D:4      | Killed Robin
  3128 | D:4      | Killed Blork the orc
  3128 | D:4      | Reached XP level 6. HP: 26/47 MP: 1/9
  4242 | D:4      | HP: 2/48 [something (6)]
  4244 | D:4      | Slain by an orc wizard

Skill      XL: |  1  2  3  4  5  6 |
---------------+-------------------+-----
Ice Magic      | 4 5 |  5.0
Fighting       | 1 2 3 |  3.8
Dodging        | 3 |  3.1
Shields        | 1 3 4 |  4.4
Stealth        | |  1.7
Spellcasting   | |  2.1
Conjurations   | |  1.1

Action                   |  1- 3 |  4- 6 || total
-------------------------+-------+-------++-------
Melee: Unarmed           |    11 |       ||    11
       Dagger            |    70 |   288 ||   358
 Fire: Hunting sling     |       |     3 ||     3
 Cast: Freeze            |    30 |    24 ||    54
       Throw Frost       |     5 |     8 ||    13
       Ozocubu's Armour  |       |     7 ||     7
 Abil: Hop               |       |     1 ||     1
  Use: Potion            |     1 |       ||     1
 Stab: Sleeping          |     1 |     3 ||     4
  Eat: Chunk             |     3 |     9 ||    12
Armor: Robe              |    19 |    25 ||    44
       Leather armour    |       |    89 ||    89
Dodge: Dodged            |    38 |   169 ||   207
Block: Buckler           |     9 |    59 ||    68
